 Dungeon Crawl Stone Soup version 0.29-a0-384-g6960b1960d (webtiles) character file.

Game seed: 11147411970097257750

30978 gimp the Cleaver (level 13, -15/101 HPs)
             Began as a Formicid Wanderer on May 7, 2022.
             Was an Initiate of Gozag.
             Demolished by Rupert
             ... wielding a +3 vorpal great mace
              (36 damage)
             ... on level 4 of the Lair of Beasts.
             The game lasted 00:43:47 (20801 turns).

gimp the Cleaver (Formicid Wanderer)               Turns: 20801, Time: 00:43:47

Health: -15/101    AC: 23    Str: 20    XL:     13   Next: 92%
Magic:  13/13      EV:  7    Int: 11    God:    Gozag
Gold:   2010       SH:  5    Dex: 13    Spells: 12/12 levels left

rFire   . . .      SeeInvis +   b - +1 whip (elec)
rCold   + + .      Faith    .   p - +0 buckler
rNeg    . . .      Spirit   .   s - +2 chain mail {rC+}
rPois   .          Reflect  .   (helmet unavailable)
rElec   .          Harm     .   G - scarf {shadows}
rCorr   .          Rampage  .   w - +2 pair of gloves
Will    +....                   e - +1 pair of boots
Stlth   ..........              n - amulet of the acrobat
HPRegen 0.26/turn               d - +4 ring of protection
MPRegen 0.13/turn               H - ring of protection from cold

@: brilliant, gold aura
A: permanent stasis, dig shafts and tunnels, antennae 3, four strong arms
a: Dig, Shaft Self, Renounce Religion, Potion Petition, Call Merchant, Bribe
Branch


You were on level 4 of the Lair of Beasts.
You worshipped Gozag.
Gozag was most pleased with you.
You visited 2 branches of the dungeon, and saw 16 of its levels.
You also visited: Ossuary and Ice Cave.

You collected 3269 gold pieces.
You spent 95 gold pieces at shops.
You paid 1164 gold pieces to Gozag.

Inventory:

Hand Weapons
 a - a +3 hand crossbow
 b - a +1 whip of electrocution (weapon)
 z - the +8 frozen axe "Frostbite" {freezing cloud, *Noise Fly rC+}
   (You found it in an ice cave)

   It freezes those it strikes, dealing additional cold damage.
   It can also slow down cold-blooded creatures.
   It occasionally leaves clouds of freezing vapour upon striking a foe.
   It grants immunity to clouds of freezing vapour.
   rC:        It protects you from cold.
   Fly:       It grants you flight.
   *Noise:    It may make noises in combat.
 D - a +0 morningstar
 F - a +4 morningstar of freezing
Missiles
 x - 26 poisoned darts
 A - a throwing net
 B - 4 curare-tipped darts (quivered)
Armour
 e - a +1 pair of boots (worn)
 p - a +0 buckler (worn)
 s - a +2 chain mail of cold resistance (worn)
 w - a +2 pair of gloves (worn)
 G - a scarf of shadows (worn)
Jewellery
 d - a +4 ring of protection (left hand)
 i - a ring of ice
 n - an amulet of the acrobat (around neck)
 H - a ring of protection from cold (right hand)
Wands
 c - a wand of charming (5)
 l - a wand of flame (55)
 E - a wand of iceblast (3)
Scrolls
 f - 3 scrolls of fog
 j - 4 scrolls of vulnerability
 m - a scroll of immolation
 q - 2 scrolls of silence
 r - 2 scrolls of enchant weapon
 u - 4 scrolls of identify
 y - 2 scrolls of magic mapping
 C - 2 scrolls of enchant armour
Potions
 g - 3 potions of mutation
 h - 3 potions of magic
 k - a potion of lignification
 o - 5 potions of flight
 t - a potion of heal wounds
 v - 2 potions of cancellation
 J - a potion of curing


   Skills:
 - Level 9.0 Fighting
 * Level 11.5(13.3) Axes
 - Level 10.9(13.0) Maces & Flails
 - Level 10.0 Crossbows
 - Level 10.0 Armour
 - Level 5.0 Shields
 - Level 1.0 Unarmed Combat
 - Level 1.1 Invocations
 - Level 7.0 Evocations


You had 12 spell levels left.
You didn't know any spells.
Your spell library contained the following spells:

 Spells                   Type           Power      Damage    Failure   Level
 Animate Skeleton         Necr           0%         N/A       97%         1
 Apportation              Tloc           0%         N/A       97%         1
 Sting                    Tmut/Pois      0%         1d3       97%         1
 Summon Small Mammal      Summ           0%         N/A       97%         1
 Poisonous Vapours        Pois/Air       0%         N/A       99%         2
 Lesser Beckoning         Tloc           0%         N/A       100%        3
 Olgreb's Toxic Radiance  Pois           0%         N/A       100%        4
 Manifold Assault         Tloc           0%         N/A       100%        5
 Borgnjor's Revivificati  Necr           0%         N/A       100%        8
 Necromutation            Tmut/Necr      0%         N/A       100%        8
 Death's Door             Necr           0%         N/A       100%        9
 Blink                    Tloc           Unusable   N/A       N/A         2

Dungeon Overview and Level Annotations

Branches:
Dungeon (12/15)              Lair (4/6) D:10          Snake (0/4) Lair:4
    Orc (0/2) D:9         Ossuary (visited)           IceCv (visited)
 Temple: D:4-7        Swamp: Lair:2-4    Shoals: Lair:2-4

Altars:
Fedhas
Gozag
Makhleb
Okawaru
Uskayaw

Shops:
D:1 :   D:6 ?

Portals:
Trove: D:12 (give +4 shadow dragon scales)

Annotations:
D:3 1 runed translucent door, Crazy Yiuf
D:4 Menkaure
Lair:4 Rupert


Innate Abilities, Weirdness & Mutations

You cannot be hasted, slowed, berserked, paralysed or teleported.
You can dig through walls and to a lower floor.
You have a pair of large antennae on your head. (SInv)
Your four strong arms can wield two-handed weapons with a shield.


Message History

The curare-tipped dart barely misses Rupert.
Rupert looks more healthy.
You block Rupert's attack.
Throw: 6 darts (curare)
Press: ? - help, Q - select action, (/) - cycle Shift-Dir - straight line, f/p - Rupert
Aim: Rupert, wielding a +3 vorpal great mace and wearing a +0 leather armour (heavily wounded, berserk, can't see you, 62% to hit)
You throw a curare-tipped dart.
The curare-tipped dart barely misses Rupert.
Rupert hits you with a +3 vorpal great mace!
Rupert hits you with a +3 vorpal great mace!!
You take 51 damage, and have 50/101 hp.
MASSIVE DAMAGE!!
Throw: 5 darts (curare)
Press: ? - help, Q - select action, (/) - cycle Shift-Dir - straight line, f/p - Rupert
Aim: Rupert, wielding a +3 vorpal great mace and wearing a +0 leather armour (heavily wounded, berserk, can't see you, 62% to hit)
You throw a curare-tipped dart. The curare-tipped dart hits Rupert.
Rupert is poisoned.
Rupert convulses.
Rupert seems to slow down.
Rupert is severely wounded.
Rupert hits you with a +3 vorpal great mace.
You take 3 damage, and have 47/101 hp.
You are too injured to fight recklessly!
You whack Rupert!
Rupert is severely wounded.
You flicker back into view.
Rupert hits you with a +3 vorpal great mace!
You take 15 damage, and have 32/101 hp. [a] - 476 gold - heal wounds, magic and brilliance [b] - 108 gold - brilliance [c] - 300 gold - resistance Purchase which effect?
You feel much better. Magic courses through your body.
You feel clever all of a sudden.
Rupert hits you with a +3 vorpal great mace!!
* * * LOW HITPOINT WARNING * * *
x2 You take 11 damage, and have 21/101 hp.
You hit Rupert.
Rupert is severely wounded.
Rupert attacks as you move away!
Rupert hits you with a +3 vorpal great mace!!!
You die...
Your body crumbles into a pile of gold.

P.......#.#
#..#.....#
##.##^.#.#
#...#.#..##
#...?.#..###
#..#.#.....##
#..#........# ##
#..##....#..#####.
#@(####.##..#P##..
#.$@.##
#...........
#..(.#
#.#.....#.#..
#.(...#
###...#####..
##.#### #P.### ###
P. ##.# # #P P.#
.... ..###


You could see Rupert (berserk, very poisoned, slow).

Vanquished Creatures
  A frost giant (IceCv)
  Fannar (D:10)
  Harold (Lair:2)
  2 hydras (Lair:4)
  6 death yaks (IceCv)
  A two-headed ogre (D:9)
  Urug (D:11)
  Lodul (D:11)
  2 cyclopes (D:11)
  A gargoyle (D:11)
  A torpor snail (Lair:4)
  6 cane toads
  A komodo dragon (Lair:2)
  A kobold demonologist (D:10)
  7 rime drakes
  8 polar bears
  A troll (D:11)
  A hornet (D:9)
  Prince Ribbit (D:6)
  A shadow (D:11)
  32 yaks
  A basilisk (Lair:2)
  4 wyverns
  Eustachio (D:6)
  6 vampire mosquitoes
  A steam dragon (D:7)
  4 nagas (Lair:4)
  2 wargs (D:9)
  3 acid dragons
  9 water moccasins
  6 orc warriors
  3 black bears
  10 wolves (IceCv)
  9 ogres
  3 centaurs
  2 kobold brigands
  Blork the orc (D:6)
  16 bullfrogs
  3 gnoll sergeants
  2 scorpions
  A necrophage (D:6)
  5 wights (D:8)
  13 killer bees
  2 electric eels
  4 howler monkeys
  5 hounds
  5 jellies
  6 orc priests
  3 iguanas
  3 orc wizards
  Terence (D:3)
  14 mummies
  23 gnolls
  5 adders
  2 white imps
  A worm (D:4)
  5 dart slugs
  33 orcs
  13 endoplasms
  4 giant cockroaches
  10 goblins
  8 hobgoblins
  4 jackals (D:2)
  20 kobolds
  4 quokkas
  7 ball pythons
  7 bats
  4 frilled lizards
  3 gnoll skeletons (Ossuary)
  2 goblin skeletons (Ossuary)
  2 goblin zombies (D:5)
  2 kobold skeletons (Ossuary)
  An orc skeleton (Ossuary)
  5 rats
  11 rat skeletons (Ossuary)
401 creatures vanquished.

Vanquished Creatures (others)
  11 fungi
  29 plants
40 creatures vanquished.

Grand Total: 441 creatures vanquished

Notes
Turn   | Place    | Note
-------+----------+-------------------------------------------
     0 | D:1      | gimp the Formicid Wanderer began the quest for the Orb.
     0 | D:1      | gimp set off with the following items: a +3 hand crossbow,
                  | 2 scrolls of fog, a +0 leather armour
     0 | D:1      | Reached XP level 1. HP: 21/21 MP: 1/1
    55 | D:1      | Found Qehait's Book Emporium.
    62 | D:1      | Reached XP level 2. HP: 26/27 MP: 2/2
   273 | D:1      | Found a faded altar of an unknown god.
   292 | D:1      | Reached XP level 3. HP: 33/33 MP: 3/3
   861 | D:1      | You fall into a shaft and drop 1 floor!
  1033 | D:2      | Reached XP level 4. HP: 39/39 MP: 4/4
  1081 | D:2      | Reached skill level 1 in Maces & Flails
  1262 | D:2      | Noticed a black bear
  1273 | D:2      | You fall into a shaft and drop 2 floors!
  1464 | D:4      | Reached XP level 5. HP: 37/44 MP: 5/5
  1481 | D:3      | Noticed a water moccasin
  1489 | D:4      | Noticed an ogre
  1788 | D:3      | Found a burning altar of Makhleb.
  2023 | D:3      | Killed a water moccasin
  2024 | D:3      | Reached XP level 6. HP: 46/51 MP: 6/6
  2060 | D:3      | Found a runed translucent door.
  2061 | D:3      | Noticed Crazy Yiuf
  2099 | D:3      | Noticed Terence
  2104 | D:3      | Killed Terence
  3176 | D:2      | Killed a black bear
  3177 | D:2      | Reached skill level 1 in Shields
  3177 | D:2      | Reached XP level 7. HP: 34/56 MP: 7/7
  3887 | D:4      | Noticed Menkaure
  3903 | D:4      | You fall into a shaft and drop 1 floor!
  3903 | D:5      | Entered Level 5 of the Dungeon
  4057 | D:5      | Found a sand-covered staircase.
  4109 | Ossuary  | Entered an ossuary
  4276 | Ossuary  | Reached skill level 5 in Maces & Flails
  4472 | Ossuary  | Reached XP level 8. HP: 61/63 MP: 8/8
  5618 | D:5      | Found an iron altar of Okawaru.
  5624 | D:5      | Found a blossoming altar of Fedhas.
  5627 | D:5      | Found a hide-covered altar of Uskayaw.
  5858 | D:6      | Noticed Prince Ribbit
  5871 | D:6      | Killed Prince Ribbit
  5872 | D:6      | Reached skill level 5 in Shields
  5872 | D:6      | Reached XP level 9. HP: 61/68 MP: 9/9
  6046 | D:6      | Found Leuplud's Magic Scroll Boutique.
  6228 | D:6      | Noticed Blork the orc
  6260 | D:6      | Killed Blork the orc
  6340 | D:6      | Bought a scroll of identify for 20 gold pieces
  6340 | D:6      | Bought a scroll of identify for 20 gold pieces
  6340 | D:6      | Bought a scroll of identify for 20 gold pieces
  6340 | D:6      | Bought a scroll of magic mapping for 35 gold pieces
  6370 | D:6      | Found an opulent altar of Gozag.
  6426 | D:6      | Became a worshipper of Gozag Ym Sagoz the Greedy
  6662 | D:6      | Noticed Eustachio
  6694 | D:6      | Killed Eustachio
  7257 | D:7      | Reached skill level 10 in Maces & Flails
  7813 | D:8      | Reached skill level 5 in Crossbows
  7970 | D:8      | Reached XP level 10. HP: 76/76 MP: 10/10
  8203 | D:8      | Reached skill level 5 in Armour
  9031 | D:9      | Noticed a two-headed ogre
  9047 | D:8      | HP: 2/72 [killer bee (5)]
  9683 | D:9      | Killed a two-headed ogre
  9749 | D:9      | Found a staircase to the Orcish Mines.
 10246 | D:9      | Reached XP level 11. HP: 69/85 MP: 11/11
 10437 | D:10     | Entered Level 10 of the Dungeon
 10614 | D:10     | Found a staircase to the Lair.
 10854 | D:10     | Noticed a soul eater
 11384 | D:11     | Found a hide-covered altar of Uskayaw.
 11430 | D:11     | Noticed Lodul
 11610 | D:11     | Noticed a cyclops
 11628 | D:11     | Noticed Fannar
 11630 | D:11     | Found a frozen archway.
 11639 | IceCv    | Entered an ice cave
 11694 | IceCv    | HP: 3/80 [polar bear (9)]
 12251 | IceCv    | HP: 3/87 [wolf (8)]
 12254 | IceCv    | Reached skill level 10 in Crossbows
 13095 | IceCv    | Noticed a death yak
 13111 | IceCv    | Killed a death yak
 13399 | IceCv    | Noticed a death yak
 13414 | IceCv    | Killed a death yak
 13609 | IceCv    | Noticed a death yak
 13630 | IceCv    | Killed a death yak
 13631 | IceCv    | Reached XP level 12. HP: 69/95 MP: 12/12
 13756 | IceCv    | Noticed a death yak
 13798 | IceCv    | Killed a death yak
 14038 | IceCv    | Noticed a death yak
 14060 | IceCv    | Killed a death yak
 14061 | IceCv    | Reached skill level 5 in Evocations
 14370 | IceCv    | Noticed a frost giant
 14383 | IceCv    | Killed a frost giant
 14811 | IceCv    | Noticed a death yak
 14849 | IceCv    | Killed a death yak
 15069 | IceCv    | Found the +8 frozen axe "Frostbite" {freezing cloud, *Noise
                  | Fly rC+}
 15259 | D:11     | Noticed Urug
 15305 | D:11     | Reached skill level 1 in Axes
 15314 | D:11     | Killed Urug
 15315 | D:11     | Reached skill level 2 in Axes
 15315 | D:11     | Reached skill level 10 in Armour
 15353 | D:11     | Reached skill level 3 in Axes
 15578 | D:11     | Killed Lodul
 15579 | D:11     | Reached skill level 4 in Axes
 15866 | D:11     | Reached skill level 5 in Axes
 15893 | D:11     | Reached XP level 13. HP: 84/101 MP: 13/13
 16061 | D:10     | Killed Fannar
 16062 | D:10     | Reached skill level 6 in Axes
 16769 | D:12     | Found a portal to a secret trove of treasure.
 16819 | Lair:1   | Entered Level 1 of the Lair of Beasts
 16931 | Lair:1   | Reached skill level 7 in Axes
 17295 | Lair:1   | Reached skill level 8 in Axes
 18657 | Lair:2   | Reached skill level 9 in Axes
 19239 | Lair:2   | Noticed Harold
 19264 | Lair:2   | Killed Harold
 19278 | Lair:2   | Reached skill level 10 in Axes
 19609 | Lair:2   | You fall into a shaft and drop 2 floors!
 19609 | Lair:4   | Noticed a four-headed hydra
 19634 | Lair:4   | Killed a four-headed hydra
 19817 | Lair:4   | Found a staircase to the Snake Pit.
 20132 | Lair:4   | Reached skill level 11 in Axes
 20725 | Lair:4   | Noticed a six-headed hydra
 20739 | Lair:4   | Killed a six-headed hydra
 20773 | Lair:4   | Noticed Rupert
 20801 | Lair:4   | Demolished by Rupert

Illustrated notes

Levels and vault maps discovered:
D:1:      evilmike_arrival_hilbert_curve, layout_basic,
          shapermc_ecumenical_altar_pompeii, serial_shops, shop
D:2:      layout_basic
D:3:      layout_loops_cross, mainiacjoe_overflow_alcove_1,
          minmay_goblin_kobold_house, uniq_terence, uniq_crazy_yiuf_cottage
D:4:      layout_cave_pools, temple_doors_e, serial_column_ruins,
          column_ruins_hut, column_ruins_open_small,
          column_ruins_columns_straight, column_ruins_open_small,
          column_ruins_grid_1, column_ruins_open_tiny,
          nicolae_shop_dragon_depot, minmay_misc_feat_pillars, uniq_menkaure
D:5:      nicolae_cairo_tiling_large, layout_loops_corners,
          minmay_overflow_temple_star_quad, nicolae_ossuary_entry_giza,
          minmay_large_rounded_square, grunt_decor_one_mirror, st_stairs_7
D:6:      layout_gridville, grunt_gozag_breadcrumbs, serial_shops,
          nicolae_square_shop, uniq_blork_the_orc, uniq_eustachio,
          uniq_prince_ribbit1
D:7:      layout_loops_ring
D:8:      layout_gridville
D:9:      layout_rooms, david_orc_1_choice
D:10:     layout_roguey, lair_entry_dummy
D:11:     layout_basic, portal_ice_cave_entry_pillars_1,
          nicolae_uskayaw_dance_hall, uniq_urug, uniq_fannar, uniq_lodul
D:12:     wander_river, layout_irregular_city, nicolae_trove_entry_diagonal,
          chequers_decorated_corner
Lair:1:   layout_regular_city, lemuel_fruit_fields, infiniplex_staircase_pool
Lair:2:   layout_roguey, gammafunk_lair_bear_cave, serial_bayou_shore_a,
          uniq_harold
Lair:3:   layout_chaotic_city, beast_lair_carwin_9, lemuel_fruit_tree,
          grunt_megastairs_5, lemuel_fruit_fields
Lair:4:   layout_loops_ring, minmay_shoals_entry_lonely_mermaid,
          minmay_snake_entry_guardpost_small, special_room
          [special_room_mythical_zoo], pf_torpor_hydra,
          infiniplex_staircase_pool_2, uniq_josephine, uniq_rupert, uniq_kirke

Skill      XL: |  1  2  3  4  5  6  7  8  9 10 11 12 13 |
---------------+----------------------------------------+-----
Armour         | 2 3 4 6 8 10 | 10.0
Maces & Flails | 1 3 4 5 7 10 | 10.9
Crossbows      | 3 4 5 8 10 | 10.0
Shields        | 1 3 5 |  5.0
Fighting       | 6 7 9 |  9.0
Evocations     | 3 7 |  7.0
Axes           | 5 11 | 11.5
Unarmed Combat | |  1.0
Invocations    | |  1.1

Action                   |  1- 3 |  4- 6 |  7- 9 | 10-12 | 13-15 || total
-------------------------+-------+-------+-------+-------+-------++-------
Melee: Whip              |       |    97 |   419 |   890 |   627 ||  2033
 Fire: Hand crossbow     |    94 |    58 |    58 |    72 |    11 ||   293
Throw: Dart              |       |       |       |     2 |     4 ||     6
       Throwing net      |       |       |       |       |     3 ||     3
Invok: Potion Petition   |       |       |       |     3 |     1 ||     4
 Abil: Dig               |     2 |       |     1 |    14 |       ||    17
       Shaft Self        |       |     1 |     1 |       |       ||     2
Evoke: Wand              |       |       |     5 |    18 |     6 ||    29
  Use: Potion            |       |     2 |       |     8 |     2 ||    12
       Scroll            |       |       |    20 |     8 |     2 ||    30
 Stab: Distracted        |       |       |       |     5 |     4 ||     9
       Paralysed         |       |       |       |    44 |       ||    44
       Held in net/web   |       |       |       |       |     3 ||     3
Armor: Leather armour    |     9 |       |       |       |       ||     9
       Chain mail        |    14 |   104 |   236 |   398 |   216 ||   968
Dodge: Dodged            |    41 |    89 |   135 |   268 |   137 ||   670
Block: Buckler           |       |     9 |    83 |   140 |    85 ||   317

Table legend: (Time is in decaauts)
 A = Elapsed time spent in this place.
 B = Non-inter-level travel time spent in this place.
 C = Inter-level travel time spent in this place.
 D = Time resting spent in this place.
 E = Time spent auto-exploring this place.
 F = Levels seen in this place.
 G = Mean time per level.
                   A        B        C        D        E       F      G
               +--------+--------+--------+--------+--------+-----+--------+
         Total |  20227 |  19897 |    330 |   2088 |  13693 |  18 | 1123.7 |
       Dungeon |  12529 |  12228 |    301 |    913 |   8625 |  12 | 1044.1 |
          Lair |   3727 |   3699 |     28 |    412 |   2684 |   4 |  931.8 |
       Ossuary |    485 |    485 |      0 |      0 |    301 |   1 |  485.0 |
      Ice Cave |   3486 |   3486 |      0 |    763 |   2083 |   1 | 3486.0 |
               +--------+--------+--------+--------+--------+-----+--------+

Top non-repeatable levels by time:
   IceCv: 3486 daAuts
  Lair:1: 1719 daAuts
     D:8: 1525 daAuts
     D:3: 1454 daAuts
     D:5: 1407 daAuts
    D:11: 1400 daAuts
    D:10: 1202 daAuts
     D:2: 1119 daAuts
     D:6: 1064 daAuts
     D:9: 1018 daAuts
  Lair:2: 900 daAuts
     D:1: 898 daAuts
     D:7: 885 daAuts
  Lair:4: 858 daAuts
     D:4: 520 daAuts
